 Dungeon Crawl Stone Soup version 0.19-a0-1834-g6b7851e (webtiles) character file.

102 Goblin1989 the Cutter (level 4, -9/33 HPs)
             Began as a Demonspawn Assassin on Oct 9, 2016.
             Killed by nerve-wracking pain
             ... invoked by Jessica
              (14 damage)
             ... on level 3 of the Dungeon.
             The game lasted 00:06:22 (2346 turns).

Goblin1989 the Cutter (Demonspawn Assassin)         Turns: 2346, Time: 00:06:23

Health: -9/33      AC:  9    Str: 12    XL:     4   Next: 49%
Magic:  4/4        EV: 11    Int: 12    God:
Gold:   40         SH:  0    Dex: 14    Spells: 0 memorised, 3 levels left

rFire  . . .     SeeInvis .     a - +2 dagger
rCold  . . .     Gourm    .     c - +0 robe
rNeg   . . .     Faith    .     (no shield)
rPois  .         Spirit   .     (no helmet)
rElec  .         Dismiss  .     d - +0 cloak
rCorr  .         Reflect  .     (no gloves)
MR     .....     Harm     .     (no boots)
Stlth  ++........ Rnd*Tele +    (no amulet)
                                u - +4 ring of protection
                                o - -3 ring of dexterity (curse)

@: no status effects
A: thin metallic scales 1, agile 1, spiny 1, teleportitis 1, rot immunity
a: no special abilities


You were on level 3 of the Dungeon.
You were not hungry.

You visited 1 branch of the dungeon, and saw 3 of its levels.

You collected 40 gold pieces.

Inventory:

Hand Weapons
 a - a +2 dagger (weapon)
 q - a +0 blowgun {@w1}
Missiles
 e - 8 poisoned needles
 f - 2 curare-tipped needles
Armour
 c - a +0 robe (worn)
 d - a +0 cloak (worn)
Jewellery
 g - an uncursed ring of resist corrosion
 o - a cursed -3 ring of dexterity (left hand)
 u - a +4 ring of protection (right hand)
Scrolls
 j - 2 scrolls of amnesia
 k - a scroll of enchant weapon {unknown}
 n - a scroll of recharging
 p - a scroll of enchant armour {unknown}
 r - a scroll of remove curse {unknown}
Potions
 l - a potion of curing {unknown}
 m - a potion of flight
 t - a potion of degeneration {unknown}
Comestibles
 b - 2 bread rations
 h - a slice of pizza
 i - a royal jelly
 s - a beef jerky


   Skills:
 - Level 2.0 Fighting
 + Level 4.3 Short Blades
 - Level 1.7 Throwing
 - Level 0.8 Dodging
 - Level 3.6 Stealth


You had 3 spell levels left.
You didn't know any spells.

Dungeon Overview and Level Annotations

Branches:
Dungeon (3/15)

Altars:

Annotations:
D:3 Jessica, Sigmund


Innate Abilities, Weirdness & Mutations

You are partially covered in sharp spines.
You are immune to rotting.
You are partially covered in thin metallic scales. (AC +2)
You are agile. (Dex +2)
You are occasionally teleported next to monsters.


Message History

You take 2 damage, and have 4/33 hp.
The rat closely misses you. The rat is struck by your spines.
You kill the rat!
Found a scroll labeled COBIVUWNUN.
Marking area around Jessica as unsafe for travelling.
A kobold and Jessica come into view.
A hobgoblin comes into view. It is wielding a club.
The helpless kobold fails to defend itself.
You impale the kobold!!
You kill the kobold!
The hobgoblin shouts!
Jessica shouts!
Found a bread ration.
Jessica closely misses you.
You hit Jessica.
Jessica is heavily wounded.
Jessica points at you and mumbles some strange words.
Pain shoots through your body!
You die... ਜਜਜਜ

ਜ.. .ਜ ਜ. ਜਜਜਜਜਜਜਜਜ.ਜ
.ਜ ਜ.ਜ
......ਜਜ<ਜਜਜਜ.ਜਜਜ[ਜ
ਜ.ਜ.(......ਜ....ਜ
ਜ....!..........ਜ
ਜਜਜ...ਜ..ਜ......ਜਜਜ
ਜਜ..ਜਜਜ@.)ਜ............
...%...@.....ਜ..ਜ..ਜਜ.
.....gਜ.ਜ..ਜਜਜ..ਜ ਜਜ
..... ਜ.ਜ..ਜ ਜ........
.... ..ਜ.............
... .......ਜਜ.ਜ......
.. .....?..ਜਜਜਜਜਜਜਜਜ. .
..ਜਜਜਜ..ਜ ਜ.


You could see Jessica and a hobgoblin.

Vanquished Creatures
  3 adders (D:2)
  2 oozes (D:1)
  A worm (D:2)
  2 dart slugs (D:1)
  3 leopard geckos
  5 orcs (D:3)
  A ball python (D:2)
  3 giant cockroaches
  6 goblins
  4 hobgoblins
  5 jackals (D:1)
  3 kobolds
  A quokka (D:2)
  3 bats
  A frilled lizard (D:1)
  7 rats
50 creatures vanquished.

Notes
Turn   | Place    | Note
-------+----------+-------------------------------------------
     0 | D:1      | Goblin1989 the Demonspawn Assassin began the quest for the Orb.
     0 | D:1      | Reached XP level 1. HP: 16/16 MP: 1/1
    16 | D:1      | Reached skill level 2 in Short Blades
    37 | D:1      | Gained mutation: You are partially covered in sharp spines. [demonic ancestry]
    37 | D:1      | Reached XP level 2. HP: 5/22 MP: 2/2
   596 | D:1      | Reached skill level 3 in Short Blades
   692 | D:1      | Reached XP level 3. HP: 27/27 MP: 3/3
  1111 | D:2      | Gained mutation: You are agile. (Dex +2) [potion of mutation]
  1111 | D:2      | Gained mutation: You are occasionally teleported next to monsters. [potion of mutation]
  1111 | D:2      | Gained mutation: You are partially covered in thin metallic scales. (AC +2) [potion of mutation]
  1554 | D:2      | Gained mutation: You are immune to rotting. [demonic ancestry]
  1554 | D:2      | Reached XP level 4. HP: 33/33 MP: 4/4
  1803 | D:2      | Reached skill level 4 in Short Blades
  2303 | D:3      | Noticed Sigmund
  2341 | D:3      | Noticed Jessica
  2346 | D:3      | Killed from afar by Jessica

Vault maps used:
D:1:      roderic_crop_circles_arrival_small, kennysheep_crisscross,
          minmay_fountain_box, minivault_25
D:2:      serial_bayou_pond_b
D:3:      ecumenical_altar_1, first_bread, minivault_24,
          nicolae_ru_awakened_eye, uniq_jessica, uniq_sigmund

Skill      XL: |  1  2  3  4 |
---------------+-------------+-----
Short Blades   | 2 3 4 |  4.3
Fighting       | |  2.0
Throwing       | |  1.7
Dodging        | |  0.8
Stealth        | |  3.6

Action                   |  1- 3 |  4- 6 || total
-------------------------+-------+-------++-------
Melee: Dagger            |    86 |    44 ||   130
  Use: Scroll            |     5 |       ||     5
       Potion            |     1 |       ||     1
 Stab: Sleeping          |     4 |     4 ||     8
  Eat: Chunk             |     2 |     2 ||     4
Armor: Robe              |    14 |    14 ||    28
Dodge: Dodged            |    37 |    13 ||    50

Vault maps used:
D:1:      roderic_crop_circles_arrival_small, kennysheep_crisscross,
          minmay_fountain_box, minivault_25
D:2:      serial_bayou_pond_b
D:3:      ecumenical_altar_1, first_bread, minivault_24,
          nicolae_ru_awakened_eye, uniq_jessica, uniq_sigmund
